Map: Ulzaan

Players

Faust - Winner!

  • Race: Zerg Zerg
  • League: Diamond
  • Spawn Location: 3:00

Throwfordays - Winner!

  • Race: Protoss Protoss
  • League: Silver
  • Spawn Location: 1:00

kchak

  • Race: Protoss Protoss
  • Spawn Location: 9:00

MrBubbles

  • Race: Protoss Protoss
  • Spawn Location: 11:00

VOD

Have the link to the VOD?

Description

Time

  • Played on: March 1, 2019, 10:47 p.m.
  • Length: 16:09
Show
View Real Time Build Order
Export as new Build Order

Faust Zerg - Winner!

Build Orders: Pool First 

Get SALT Encoding   

  12  0:01  Drone  
  13  0:10  Drone  
  14  0:14  Extractor  
  14  0:15  Drone  
  15  0:23  Overlord  
  15  0:43  Drone x2  
  15  0:49  Spawning Pool  
  16  1:11  Hatchery  
  16  1:13  Drone  
  16  1:17  Drone  
  17  1:21  Extractor  
  17  1:22  Drone  
  17  1:41  Queen  
  17  1:42  Overlord  
  19  1:47  Zergling x2  
  19  1:48  Zergling x2  
  21  1:57  Zergling x2  
  22  2:10  Zergling x2  
  23  2:23  Queen  
  23  2:24  Overlord  
  23  2:26  Zergling x2  
  26  2:30  Metabolic Boost  
  26  2:36  Drone x2  
  28  2:50  Zergling x4  
  28  2:51  Zergling x4  
  32  2:57  Zergling x4  
  34  3:02  Zergling x2  
  30  3:49  Drone x4, Baneling Nest  
  30  3:50  Drone x7, Overlord  
  39  4:20  Spore Crawler  
  39  4:23  Spore Crawler  
  32  5:02  Lair  
  32  5:03  Zergling x2  
  32  5:04  Zergling x28  
  46  5:09  Spore Crawler  
  46  5:11  Spore Crawler  
  46  5:12  Spore Crawler, Queen  
  45  5:16  Drone x2  
  47  5:30  Drone x2  
  49  5:43  Overlord x2  
  49  5:47  Baneling x4  
  49  5:48  Queen  
  51  5:55  Hatchery  
  36  6:33  Queen  
  36  6:34  Queen  
  36  6:37  Baneling x2  
  36  6:38  Zergling x2, Drone x2  
  36  6:39  Drone x2  
  45  6:40  Drone x3  
  45  6:41  Drone x8  
  56  6:47  Hydralisk Den  
  56  6:53  Spore Crawler  
  54  7:06  Overlord x2  
  54  7:07  Evolution Chamber  
  54  7:08  Evolution Chamber  
  52  7:35  Spore Crawler  
  48  7:58  Extractor, Drone x2  
  48  7:59  Drone x3  
  48  8:00  Drone  
  48  8:01  Extractor  
  48  8:02  Hydralisk x2  
  48  8:03  Hydralisk x8  
  48  8:05  Queen  
  74  8:11  Extractor  
  74  8:12  Drone  
  74  8:13  Overlord  
  74  8:14  Overlord x3  
  74  8:34  Extractor x2  
  74  8:35  Drone x3  
  74  8:36  Drone x3  
  74  8:40  Overlord  
  78  8:44  Hatchery  
  77  8:51  Drone x4  
  77  8:52  Drone x3  
  84  9:01  Hydralisk  
  84  9:02  Hydralisk x2  
  90  9:07  Muscular Augments  
  90  9:18  Hydralisk x2  
  93  9:46  Hydralisk  
  93  9:47  Hydralisk x8  
  93  9:50  Zerg Missile Weapons Level 1  
  111  9:58  Lurker Den, Overseer  
  110  10:18  Grooved Spines  
  110  11:02  Drone x2  
  110  11:03  Drone x8  
  120  11:07  Overlord x4  
  120  11:08  Overlord x2  
  120  11:10  Zerg Ground Armor Level 1  
  120  11:14  Centrifical Hooks  
  120  11:16  Drone, Infestation Pit  
  120  11:19  Evolution Chamber  
  119  11:28  Extractor, Drone x3  
  119  11:29  Drone x3  
  119  11:30  Extractor  
  123  11:49  Zerg Melee Weapons Level 1, Zerg Missile Weapons Level 2  
  123  11:54  Hive  
  123  12:23  Zergling x10  
  123  12:24  Zergling x18  
  137  12:56  Zergling x22  
  137  12:57  Zergling x12  
  125  13:07  Hatchery  
  125  13:10  Hatchery  
  92  13:13  Hydralisk x5  
  78  13:29  Hydralisk x5  
  78  13:32  Queen  
  78  13:33  Queen  
  91  13:34  Queen  
  91  13:36  Hydralisk  
  91  13:37  Hydralisk x8  
  110  13:45  Drone x2  
  110  13:47  Overlord  
  112  13:53  Drone  
  112  13:54  Drone  
  114  13:58  Queen  
  116  14:08  Queen  
  116  14:09  Queen  
  120  14:21  Adrenal Glands  
  89  14:43  Hydralisk  
  89  14:44  Hydralisk x12  
  95  15:00  Drone x11  
  106  15:11  Drone x2  
  106  15:12  Drone  
  109  15:17  Drone x4  
  113  15:31  Drone x2  
  113  15:34  Drone  
  113  15:35  Drone x5  
  121  15:37  Drone x2  
  121  15:38  Drone x4  
  127  15:57  Spore Crawler  
Show
View Real Time Build Order
Export as new Build Order

Throwfordays Protoss - Winner!

Build Orders: Nexus First 

Get SALT Encoding   

  12  0:00  Probe  
  13  0:13  Probe  
  14  0:25  Probe  
  15  0:46  Nexus  
  15  0:59  Pylon  
  15  1:09  Pylon  
  15  1:15  Assimilator  
  15  1:17  Probe  
  16  1:27  Gateway  
  16  1:29  Probe  
  17  1:38  Gateway  
  17  1:45  Probe  
  18  1:57  Probe  
  18  2:00  Forge  
  19  2:01  Probe  
  20  2:09  Probe x2  
  22  2:18  Probe  
  22  2:22  Cybernetics Core  
  25  2:30  Zealot, Probe  
  25  2:34  Zealot  
  28  2:39  Warp Gate  
  28  2:41  Assimilator  
  28  2:46  Probe  
  29  2:58  Probe  
  30  3:02  Assimilator  
  30  3:07  Assimilator  
  30  3:10  Probe  
  31  3:12  Pylon  
  31  3:18  Probe  
  31  3:23  Probe  
  31  3:26  Probe  
  33  3:31  Probe  
  34  3:36  Probe  
  34  3:40  Probe  
  36  3:43  Photon Cannon  
  36  3:48  Photon Cannon, Probe  
  37  3:52  Probe  
  37  3:54  Protoss Ground Weapons Level 1, Photon Cannon  
  39  3:58  Probe  
  40  4:04  Probe  
  40  4:06  Probe  
  41  4:14  Twilight Council, Zealot  
  41  4:15  Probe  
  41  4:16  Probe  
  45  4:18  Zealot  
  48  4:27  Probe  
  49  4:35  Stargate  
  49  4:39  Probe  
  50  4:51  Stargate  
  50  5:06  Probe  
  51  5:08  Stalker  
  51  5:12  Protoss Air Weapons Level 1  
  53  5:18  Probe  
  54  5:26  Pylon  
  54  5:36  Fleet Beacon  
  54  5:42  Pylon  
  54  5:44  Pylon  
  54  5:46  Pylon  
  54  5:48  Pylon  
  54  5:53  Void Ray x2  
  62  6:22  Probe  
  63  6:27  Stargate  
  63  6:28  Pylon  
  63  6:31  Pylon  
  63  6:34  Pylon  
  63  6:35  Pylon  
  63  6:39  Void Ray  
  67  6:53  Void Ray  
  71  7:02  Nexus  
  71  7:06  Assimilator  
  71  7:10  Assimilator  
  71  7:12  Void Ray  
  71  7:15  Pylon  
  75  7:17  Protoss Air Weapons Level 2  
  55  7:50  Void Ray x2  
  63  8:09  Void Ray  
  67  8:16  Probe  
  67  8:19  Probe  
  69  8:24  Probe  
  69  8:31  Probe  
  69  8:32  Probe  
  69  8:33  Probe  
  72  8:39  Nexus  
  73  8:43  Nexus, Protoss Shields Level 1, Probe x2  
  73  8:44  Void Ray x2  
  73  8:45  Probe  
  73  8:46  Assimilator  
  84  8:50  Assimilator, Stargate  
  84  8:55  Probe x2  
  85  8:56  Assimilator  
  85  8:57  Probe  
  85  9:01  Cybernetics Core  
  85  9:02  Assimilator  
  87  9:08  Probe  
  87  9:09  Probe x2  
  90  9:16  Probe  
  90  9:18  Probe  
  90  9:19  Probe  
  90  9:24  Probe  
  93  9:26  Probe  
  93  9:27  Probe  
  96  9:34  Probe  
  96  9:35  Probe  
  96  9:36  Pylon, Probe  
  98  9:39  Pylon  
  98  9:40  Void Ray  
  98  9:43  Pylon  
  103  9:46  Probe  
  103  9:48  Probe x2  
  103  9:52  Void Ray  
  110  9:58  Probe  
  110  10:00  Probe x2  
  110  10:06  Stalker x2  
  113  10:14  Protoss Air Weapons Level 3  
  96  10:34  Probe  
  97  10:42  Probe  
  98  10:44  Probe  
  98  10:46  Probe  
  99  10:52  Void Ray x2  
  99  10:53  Void Ray x2  
  99  10:54  Probe  
  99  10:56  Stargate, Probe  
  117  10:58  Probe  
  118  11:06  Probe  
  118  11:08  Probe  
  118  11:10  Assimilator  
  120  11:12  Probe  
  120  11:13  Protoss Shields Level 2  
  122  11:18  Probe  
  122  11:19  Probe  
  122  11:20  Probe  
  122  11:24  Probe  
  125  11:27  Probe  
  125  11:28  Probe  
  125  11:30  Protoss Air Armor Level 1, Probe  
  128  11:35  Probe  
  128  11:36  Probe  
  128  11:38  Probe  
  130  11:40  Void Ray  
  130  11:42  Void Ray, Probe  
  130  11:45  Probe  
  140  11:47  Probe  
  140  11:48  Probe  
  140  11:50  Probe  
  140  11:51  Probe  
  140  11:53  Probe  
  144  11:56  Probe  
  144  11:59  Probe x2  
  148  12:02  Probe x2  
  148  12:05  Probe  
  152  12:09  Probe  
  152  12:11  Void Ray x2  
  152  12:13  Void Ray  
  152  12:14  Probe  
  166  12:17  Probe  
  166  12:21  Probe  
  168  12:26  Probe  
  168  12:29  Probe  
  170  12:33  Probe  
  170  12:34  Void Ray x2  
  171  13:05  Void Ray x3  
  179  13:10  Stalker x2  
  187  13:16  Void Ray  
  187  13:17  Void Ray  
  187  13:47  Void Ray  
  187  13:48  Void Ray  
  187  14:02  Void Ray x3  
Show
View Real Time Build Order
Export as new Build Order

kchak Protoss 

Build Orders: 1 Gate Expand 

Get SALT Encoding   

  12  0:01  Probe  
  13  0:15  Pylon  
  13  0:20  Probe  
  14  0:32  Probe  
  15  0:39  Gateway  
  15  1:07  Nexus  
  15  1:14  Assimilator  
  15  1:35  Pylon  
  15  1:38  Pylon  
  15  1:43  Assimilator  
  15  1:47  Assimilator  
  15  1:54  Assimilator  
  15  1:55  Probe  
  15  1:58  Assimilator  
  16  2:10  Cybernetics Core  
  16  2:21  Pylon  
  16  2:24  Probe  
  17  2:33  Probe  
  18  2:38  Probe  
  19  2:45  Probe  
  19  2:50  Probe  
  21  2:55  Adept  
  19  3:50  Probe  
  19  3:54  Probe  
  21  4:02  Probe  
  22  4:06  Probe  
  23  4:14  Probe  
  23  4:15  Pylon  
  24  4:18  Probe  
  25  4:26  Probe  
  25  4:30  Probe  
  25  4:38  Probe x2  
  19  4:46  Probe  
  19  4:50  Probe  
  19  4:56  Probe  
  19  4:59  Probe  
  21  5:07  Probe  
  21  5:08  Probe  
  23  5:17  Probe  
  23  5:21  Stargate  
  24  5:24  Protoss Air Weapons Level 1  
  24  5:26  Probe  
  24  5:29  Probe  
  24  5:34  Probe  
  26  5:41  Probe  
  28  5:44  Pylon  
  28  5:45  Probe  
  29  5:53  Probe  
  30  6:05  Void Ray  
  34  6:14  Probe  
  17  6:22  Probe  
  16  6:31  Probe  
  16  6:32  Probe  
  19  6:40  Probe  
  20  6:48  Probe  
  21  6:57  Probe  
  22  7:05  Probe  
  22  7:06  Probe  
  22  7:13  Probe  
  22  7:14  Probe  
  26  7:23  Protoss Air Armor Level 1, Probe  
  26  7:24  Probe  
  28  7:37  Probe  
  29  8:02  Probe  
  30  8:10  Probe  
  30  8:11  Probe  
  31  8:19  Probe x2  
  32  8:24  Void Ray  
  38  8:27  Probe  
  38  8:32  Fleet Beacon, Probe  
  40  8:34  Stargate  
  40  8:37  Probe  
  41  8:44  Cybernetics Core, Probe  
  42  8:49  Probe  
  43  8:58  Probe  
  43  8:59  Probe  
  45  9:07  Probe  
  45  9:10  Probe  
  45  9:11  Void Ray  
  45  9:16  Probe  
  51  9:20  Tempest  
  51  9:22  Probe  
  58  9:28  Probe  
  58  9:31  Stargate  
  59  9:33  Pylon  
  59  9:40  Probe  
  52  9:53  Pylon  
  52  9:56  Protoss Air Weapons Level 2  
  52  9:58  Forge  
  52  10:11  Protoss Air Armor Level 2  
  52  10:56  Void Ray x2  
  60  11:17  Probe  
  60  11:22  Carrier  
  60  11:25  Nexus, Probe  
  61  11:27  Probe  
  61  11:28  Assimilator  
  61  11:32  Assimilator  
  69  11:35  Probe  
  69  11:36  Pylon  
  69  11:37  Pylon  
  69  11:39  Probe  
  71  11:45  Tempest  
  71  11:47  Probe  
  71  11:51  Probe  
  71  11:53  Robotics Facility  
  73  11:59  Probe  
  73  12:01  Void Ray  
  79  12:03  Probe  
  80  12:15  Probe  
  33  14:07  Pylon  
  33  14:10  Pylon  
  33  14:21  Pylon  
  33  14:23  Nexus, Pylon  
Show
View Real Time Build Order
Export as new Build Order

MrBubbles Protoss 

Build Orders: Nexus First 

Get SALT Encoding   

  12  0:01  Probe  
  13  0:15  Probe  
  13  0:20  Pylon  
  14  0:23  Probe  
  15  0:35  Probe  
  16  1:02  Nexus  
  16  1:10  Assimilator  
  16  1:18  Assimilator  
  16  1:20  Assimilator  
  16  1:27  Gateway  
  16  1:41  Probe  
  17  1:48  Gateway  
  17  1:49  Probe  
  18  1:59  Probe  
  19  2:08  Pylon  
  19  2:11  Probe  
  20  2:18  Cybernetics Core  
  20  2:23  Probe  
  21  2:31  Probe  
  22  2:41  Warp Gate  
  22  2:44  Probe  
  23  2:54  Probe  
  23  2:56  Zealot x2  
  28  3:02  Probe  
  28  3:10  Probe  
  30  3:23  Stargate  
  30  3:25  Stargate  
  30  3:42  Probe x2  
  30  3:47  Stargate  
  32  3:54  Probe x2  
  34  3:57  Void Ray  
  34  4:06  Probe  
  35  4:18  Probe  
  36  4:31  Zealot x2  
  38  4:37  Void Ray  
  44  4:42  Probe x2  
  45  4:54  Probe  
  45  4:55  Probe  
  44  5:03  Probe x2  
  46  5:18  Protoss Air Weapons Level 1, Pylon  
  46  5:22  Pylon  
  46  5:36  Void Ray, Probe x2  
  52  5:45  Probe  
  52  5:49  Probe  
  54  5:53  Probe  
  54  5:58  Void Ray  
  54  6:01  Probe  
  54  6:03  Probe  
  53  6:05  Pylon  
  53  6:09  Pylon  
  48  6:13  Probe  
  48  6:15  Probe  
  50  6:24  Probe  
  50  6:25  Probe  
  51  6:32  Probe  
  52  6:33  Probe  
  52  6:37  Void Ray  
  58  6:40  Probe  
  58  6:41  Probe  
  60  6:51  Probe  
  60  6:53  Probe  
  62  7:00  Void Ray  
  66  7:03  Probe  
  66  7:05  Probe  
  68  7:10  Twilight Council  
  68  7:15  Probe  
  68  7:18  Probe  
  70  7:29  Void Ray  
  56  7:55  Void Ray x2  
  62  8:11  Zealot x2  
  66  8:20  Protoss Air Armor Level 1  
  66  8:21  Charge  
  66  8:22  Probe x2  
  68  8:28  Void Ray  
  72  8:34  Probe  
  72  8:35  Probe  
  72  8:37  Templar Archives  
  74  8:57  Nexus, Pylon  
  74  9:01  Pylon  
  74  9:02  Pylon  
  74  9:06  Pylon  
  74  9:15  Void Ray  
  78  9:21  Void Ray  
  82  9:37  Void Ray  
  86  10:06  Probe x2  
  88  10:14  Fleet Beacon  
  88  10:15  High Templar x2  
  88  10:18  Probe x2  
  72  10:30  Probe x2  
  72  10:35  Gateway  
  68  10:38  Gateway  
  68  10:39  Gateway  
  68  10:41  Gateway, Archon  
  68  10:43  Gateway  
  68  10:44  Probe x3  
  68  10:48  Pylon  
  71  11:00  High Templar  
  71  11:01  High Templar  
  75  11:07  Archon  
  75  11:36  High Templar x3  
  75  11:37  High Templar x2  
  75  11:38  High Templar x2  
  89  11:41  Archon x2  
  89  11:42  Archon  
  89  11:48  Pylon  
  89  11:50  Pylon  
  89  11:52  Pylon  
  89  11:53  Pylon  
  89  11:56  Pylon  
  89  11:58  Forge  
  89  11:59  Forge  
  89  12:03  Forge  
  89  12:09  High Templar  
  89  12:10  High Templar x4  
  89  12:11  Protoss Shields Level 1, High Templar x2  
  89  12:14  Archon x2  
  89  12:15  Archon  
  103  12:16  Archon  
  103  12:42  High Templar  
  103  12:43  High Templar x4  
  113  12:47  Zealot x2  
  113  12:50  Archon x2  
  97  13:12  High Templar x2  
  83  13:21  Archon  
  83  13:24  High Templar  
  84  13:43  Archon  
  84  13:46  High Templar  
  86  13:58  High Templar  
  88  14:05  Nexus  
  88  14:13  Archon  
  88  14:18  High Templar  
  73  14:47  High Templar x2  
  73  14:51  Zealot x5  
  87  14:57  Archon  
  76  15:37  Zealot x2  
  76  15:38  Zealot x4  
  76  15:41  Zealot  
Tags
 
Add a new tag
Caveats
  • Supply blocks, unpowered buildings, or Contaminate may cause inaccurate times.
  • Supply counts are checked every 10 seconds.